AoeStats
← chenya_ko

Arabia

510487960Analyzed
1v1 RM · 2d ago on Oct 1, 2026· 27m 47s· 2 players
Game mode
Random Map
Map size
Tiny (2 player)
Population
200
Speed
Normal
Resources
Standard
Victory
Conquest
Starting age
Dark Age
Ending age
Imperial Age
RankedLock teamsTeams togetherTeam positionsShared explorationLock speedFull tech treeHidden civsTurbo modeCheats
Victory
Defeat
🇪🇸 Japanese · Spain
1085
+16
🇹🇼 Japanese · Taiwan
1095
-16
Selphirion
6:31 Loom
9:18 Feudal Age
9:49 Man-at-Arms
13:40 Double-Bit Axe
17:32 Fletching
18:15 Padded Archer Armor
18:46 Horse Collar
22:49 Castle Age
21:39 Gold Mining
22:50 Crossbowman
24:03 Bodkin Arrow
24:31 Bow Saw
24:23 Heavy Plow
26:24 Leather Archer Armor
26:17 Elite Skirmisher
chenya_ko
1:53 Loom
11:14 Feudal Age
11:27 Man-at-Arms
14:54 Double-Bit Axe
18:11 Fletching
20:46 Wheelbarrow
24:39 Castle Age
23:06 Padded Archer Armor
23:07 Scale Mail Armor
22:59 Horse Collar
23:32 Gold Mining
23:44 Arson
25:04 Forging
24:46 Elite Skirmisher
25:45 Chain Mail Armor
24:53 Long Swordsman
25:19 Gambesons
27:36 Stone Mining
27:49 Bodkin Arrow
Connection lost

Rejoining the realm…

Still unreachable

The connection could not be restored.

Session expired

The server has moved on; the page needs a fresh start.